 Dungeon Crawl Stone Soup version 0.29.0-4-gdea44cf6ec (webtiles) character file.

Game seed: 291524961383208790

19944 Leibowitz the Covert (level 13, -5/78 HPs)
             Began as a Kobold Gladiator on Aug 26, 2022.
             Was an Elder of Wu Jian.
             Slain by a komodo dragon (26 damage)
             ... on level 2 of the Lair of Beasts.
             The game lasted 00:56:17 (15539 turns).

Leibowitz the Covert (Kobold Gladiator)            Turns: 15539, Time: 00:56:17

Health: -5/78      AC: 16    Str: 12    XL:     13   Next: 8%
Magic:  18/18      EV: 21    Int: 10    God:    Wu Jian [****..]
Gold:   723        SH: 16    Dex: 20    Spells: 16/19 levels left

rFire   . . .      SeeInvis .   b - +2 short sword (venom)
rCold   + . .      Faith    .   d - +3 buckler
rNeg    . . .      Spirit   .   G - +2 leather armour {rPois}
rPois   +          Reflect  +   D - +2 helmet
rElec   .          Harm     .   k - +1 cloak
rCorr   .          Rampage  .   c - +0 pair of gloves
Will    .....                   (no boots)
Stlth   +++++++...              B - amulet of reflection
HPRegen 0.23/turn               H - +4 ring of protection
MPRegen 0.16/turn               K - ring of flight

@: flying
A: small, no large weapons, nightstalker 3, cold resistance 1, MP-powered wands
a: Renounce Religion, Wall Jump, Serpent's Lash


You were on level 2 of the Lair of Beasts.
You worshipped Wu Jian.
Wu Jian was greatly pleased with you.
You visited 3 branches of the dungeon, and saw 15 of its levels.
You also visited: Sewer, Ossuary and Gauntlet.

You collected 756 gold pieces.
You spent 33 gold pieces at shops.

Inventory:

Hand Weapons
 a - a +6 quick blade
 b - a +2 short sword of venom (weapon)
Missiles
 e - 8 boomerangs
 n - 46 poisoned darts (quivered)
 s - a throwing net
 J - a silver boomerang
 M - 3 curare-tipped darts
Armour
 c - a +0 pair of gloves (worn)
 d - a +3 buckler (worn)
 k - a +1 cloak (worn)
 D - a +2 helmet (worn)
 G - a +2 leather armour of poison resistance (worn)
Jewellery
 m - a ring of wizardry
 B - an amulet of reflection (around neck)
 C - a ring of magical power
 H - a +4 ring of protection (left hand)
 K - a ring of flight (right hand)
Wands
 f - a wand of acid (6)
 x - a wand of iceblast (25)
 y - a wand of digging (2)
 A - a wand of flame (10)
Scrolls
 g - 3 scrolls of fear
 h - 3 scrolls of butterflies
 j - 9 scrolls of teleportation
 l - 10 scrolls of identify
 F - 3 scrolls of poison
 O - 2 scrolls of silence
Potions
 i - 10 potions of curing
 p - 2 potions of brilliance
 q - a potion of cancellation
 r - 3 potions of mutation
 t - 5 potions of flight
 w - 3 potions of might
 z - 3 potions of heal wounds
 I - 3 potions of attraction
 N - 2 potions of magic


   Skills:
 * Level 7.9 Fighting
 - Level 10.7 Short Blades
 - Level 2.1 Throwing
 * Level 5.5 Armour
 * Level 10.4 Dodging
 * Level 14.5 Stealth
 * Level 8.1 Shields
 - Level 3.6 Spellcasting
 + Level 1.4 Evocations


You had 16 spell levels left.
You knew the following spells:

 Your Spells              Type           Power      Damage    Failure   Level
a - Swiftness             Air            1%         N/A       80%         3

Your spell library contained the following spells:

 Spells                   Type           Power      Damage    Failure   Level
 Foxfire                  Conj/Fire      4%         2x1d4     43%         1
 Shock                    Conj/Air       4%         1d3       43%         1
 Sting                    Tmut/Pois      4%         1d3       43%         1
 Poisonous Vapours        Pois/Air       2%         N/A       56%         2
 Conjure Flame            Conj/Fire      1%         6-21      80%         3
 Frozen Ramparts          Ice            2%         1d1       80%         3
 Inner Flame              Hex/Fire       1%         N/A       80%         3
 Airstrike                Air            0%         2d(1-17)  99%         4
 Flame Wave               Conj/Fire      1%         2d4       99%         4
 Fulminant Prism          Conj/Hex       0%         3d6       99%         4
 Ice Form                 Ice/Tmut       1%         N/A       99%         4
 Iskenderun's Mystic Bla  Conj/Tloc      1%         2d3       99%         4
 Olgreb's Toxic Radiance  Pois           1%         N/A       99%         4
 Summon Ice Beast         Ice/Summ       1%         N/A       99%         4
 Lee's Rapid Deconstruct  Erth           0%         3d5*      100%        5


Dungeon Overview and Level Annotations

Branches:
Dungeon (12/15)            Temple (1/1) D:4            Lair (2/5) D:8
 Shoals (0/4) Lair:2        Sewer (visited)         Ossuary (visited)
Gauntlet (visited)
  Snake: Lair:2-3    Spider: Lair:2-3       Orc: D:9-12

Altars:
Ashenzari
Cheibriados
Dithmenos
Elyvilon
Fedhas
Gozag
Hepliaklqana
Kikubaaqudgha
Makhleb
Nemelex Xobeh
Okawaru
Qazlal
Ru
Sif Muna
Trog
Uskayaw
Vehumet
Wu Jian
Xom
Yredelemnul
Zin
The Shining One

Shops:
D:4 !

Annotations:
D:9 1 runed translucent door, Beibim's ghost, novice VSBr
D:10
Hell Knights, red at lvl 11
D:11 1 runed translucent door, Doxiuhun's ghost, journeyman GnSk


Innate Abilities, Weirdness & Mutations

You are small and have problems with some larger weapons.
You are completely attuned to the shadows.
Your flesh is cold resistant. (rC+)
You expend magic power (3 MP) to strengthen your wands.


Message History

You block the black mamba's attack.
The rime drake bites you but does no damage.
You block the komodo dragon's attack.
You hit the rime drake.
You kill the rime drake!
The Council accepts your kill. You block the black mamba's attack.
You closely miss the black mamba. The black mamba misses you.
The komodo dragon closely misses you.
You hit the black mamba.
The black mamba is poisoned.
The black mamba is lightly wounded.
The black mamba bites you but does no damage.
You hit the black mamba.
The black mamba is lightly wounded.
You block the black mamba's attack. The komodo dragon bites you!
You block the black mamba's attack.
You hit the black mamba.
The black mamba looks as sick as possible!
The black mamba is lightly wounded.
The water moccasin misses you.
The komodo dragon bites you but does no damage.
You hit the black mamba.
The black mamba is moderately wounded.
The black mamba closely misses you. You block the water moccasin's attack.
You block the black mamba's attack.
You completely miss the black mamba.
The black mamba is moderately wounded.
The komodo dragon bites you!! The water moccasin bites you.
The black mamba bites you!
* * * LOW HITPOINT WARNING * * *
You hear a bellow!
You hit the black mamba.
The black mamba is moderately wounded.
You hear an angry hiss.
A yak comes into view.
The black mamba completely misses you.
You closely miss the black mamba.
The black mamba is moderately wounded.
The water moccasin misses you. The komodo dragon bites you!!
You die...

#....#..# #...#.#.#
###..###..# #...#.#.#.#
#.# P.###.#.##.#..# ##.#
####..#...##.....#
##.Y###.#...#...##...#.#
..
##.....S.....##.####.##.#
#..##......S@........#
#.# .#
#..........l....>........
..........#####รท###.#.##
>........#####...######
#..?....####.##.##
##P###..........# #
#P.###.##### #####..#
####


You could see a komodo dragon, a black mamba (extremely poisoned), a yak and a
water moccasin.

Vanquished Creatures
  A minotaur (Gauntlet)
  A boulder beetle (D:11)
  2 two-headed ogres
  A hell knight (D:10)
  2 cyclopes (D:11)
  Joseph (D:9)
  Maurice (D:9)
  3 merfolk sirens (Lair:2)
  A black mamba (Lair:1)
  A kobold demonologist (D:10)
  A cane toad (Lair:1)
  A rime drake (Lair:2)
  3 komodo dragons (Lair:1)
  A merfolk (Lair:2)
  2 trolls
  A queen bee (Gauntlet)
  2 hornets
  2 shadows (D:11)
  2 wyverns
  A vampire (D:9)
  5 basilisks
  28 yaks
  Eustachio (D:4)
  2 steam dragons
  An acid dragon (D:11)
  Edmund (D:4)
  6 water moccasins
  3 hell hounds (D:10)
  5 orc warriors
  2 sky beasts (D:7)
  An ice beast (D:6)
  4 black bears
  4 centaurs
  2 phantoms
  5 kobold brigands
  2 scorpions
  8 bullfrogs
  A necrophage (D:5)
  13 killer bees
  A howler monkey (D:5)
  5 centaur zombies (Ossuary)
  2 hounds (D:6)
  9 orc priests
  A jelly (D:5)
  A gnoll bouda (D:8)
  Crazy Yiuf (D:2)
  Natasha (D:4)
  3 iguanas
  7 orc wizards
  6 mummies (Ossuary)
  Robin (D:3)
  3 river rats (Sewer)
  12 adders
  4 gnolls (D:8)
  3 white imps
  3 worms
  2 dart slugs
  30 orcs
  7 endoplasms
  3 giant cockroaches
  15 goblins
  5 hobgoblins
  6 jackals
  6 quokkas
  13 ball pythons
  6 bats
  6 frilled lizards
  3 hobgoblin zombies (Ossuary)
  23 kobolds
  15 rats
327 creatures vanquished.

Vanquished Creatures (others)
  9 fungi
  20 plants
29 creatures vanquished.

Grand Total: 356 creatures vanquished

Notes
Turn   | Place    | Note
-------+----------+-------------------------------------------
     0 | D:1      | Leibowitz the Kobold Gladiator began the quest for the Orb.
     0 | D:1      | Reached XP level 1. HP: 12/12 MP: 1/1
   211 | D:1      | Reached XP level 2. HP: 17/17 MP: 2/2
   535 | D:1      | Reached XP level 3. HP: 15/22 MP: 3/3
   698 | D:1      | Reached skill level 1 in Stealth
   854 | D:1      | Found a faded altar of an unknown god.
  1373 | D:2      | Reached skill level 2 in Stealth
  1373 | D:2      | Reached XP level 4. HP: 23/27 MP: 4/4
  1443 | D:2      | You fall into a shaft and drop 1 floor!
  1519 | D:3      | Found a glowing drain.
  1523 | Sewer    | Entered a sewer
  1572 | Sewer    | Reached skill level 5 in Short Blades
  1631 | Sewer    | Reached skill level 3 in Stealth
  1631 | Sewer    | Reached XP level 5. HP: 31/31 MP: 6/6
  1674 | Sewer    | Reached skill level 1 in Spellcasting
  2009 | Sewer    | Reached skill level 1 in Armour
  2462 | D:3      | Noticed Robin
  2608 | D:2      | Found a broken altar of Ashenzari.
  2772 | D:2      | Found a runed translucent door.
  2775 | D:2      | Noticed Crazy Yiuf
  2779 | D:2      | Killed Crazy Yiuf
  2780 | D:2      | Reached skill level 4 in Stealth
  2780 | D:2      | Reached XP level 6. HP: 36/36 MP: 7/7
  3624 | D:3      | Learned a level 3 spell: Swiftness
  3668 | D:3      | Killed Robin
  4362 | D:4      | Found Hethrysi's Distillery.
  4364 | D:4      | Noticed Eustachio
  4411 | D:4      | Killed Eustachio
  4412 | D:4      | Reached skill level 5 in Stealth
  4412 | D:4      | Reached XP level 7. HP: 29/41 MP: 9/9
  4592 | D:4      | Found a staircase to the Ecumenical Temple.
  4599 | Temple   | Entered the Ecumenical Temple
  4881 | Temple   | Became a worshipper of the Wu Jian Council
  5004 | D:4      | Noticed Edmund
  5004 | D:4      | Noticed Natasha
  5028 | D:5      | Entered Level 5 of the Dungeon
  5700 | D:5      | Reached skill level 6 in Stealth
  5751 | D:5      | Reached XP level 8. HP: 44/47 MP: 11/11
  6449 | D:5      | Reached skill level 5 in Dodging
  6695 | D:4      | Reached skill level 7 in Stealth
  6814 | D:4      | Killed Edmund
  6832 | D:4      | Killed Natasha
  6928 | D:4      | Bought a potion of curing for 33 gold pieces
  7193 | D:6      | Reached XP level 9. HP: 52/52 MP: 13/13
  7352 | D:6      | Reached skill level 1 in Shields
  7355 | D:6      | Reached * piety under Wu Jian
  7504 | D:6      | Reached skill level 8 in Stealth
  8407 | D:7      | Reached XP level 10. HP: 58/58 MP: 15/15
  8473 | D:7      | Reached skill level 9 in Stealth
  8706 | D:7      | Reached skill level 5 in Fighting
  8727 | D:8      | Reached ** piety under Wu Jian
  8733 | D:8      | Reached skill level 10 in Short Blades
  8971 | D:8      | Found a sand-covered staircase.
  8977 | Ossuary  | Entered an ossuary
  9205 | D:8      | Reached *** piety under Wu Jian
  9339 | D:8      | Found a staircase to the Lair.
  9360 | Lair:1   | Entered Level 1 of the Lair of Beasts
  9368 | D:8      | Gained mutation: You expend magic power (3 MP) to
                  | strengthen your wands. [potion of mutation]
  9368 | D:8      | Gained mutation: Your flesh is cold resistant. (rC+)
                  | [potion of mutation]
  9705 | D:8      | Identified a scroll of acquirement
  9705 | D:8      | Acquired a +6 quick blade
  9749 | D:9      | Reached skill level 10 in Stealth
  9944 | D:9      | Noticed Joseph
  9965 | D:9      | Reached XP level 11. HP: 64/64 MP: 16/16
  9968 | D:9      | Killed Joseph
  9969 | D:9      | Reached skill level 5 in Shields
 10096 | D:9      | Noticed Maurice
 10099 | D:9      | Killed Maurice
 10216 | D:9      | Noticed a two-headed ogre
 10242 | D:9      | Killed a two-headed ogre
 10243 | D:9      | Reached skill level 11 in Stealth
 10577 | D:9      | Found a runed translucent door.
 10583 | D:9      | Noticed a boulder beetle
 10583 | D:9      | Noticed Beibim's ghost (novice VSBr)
 11000 | D:10     | Entered Level 10 of the Dungeon
 11008 | D:10     | Identified the +3 dagger of World's End {elec, rPois}
 11246 | D:10     | Found a faded altar of an unknown god.
 11251 | D:10     | Found a faded altar of an unknown god.
 11253 | D:10     | Found an ancient bone altar of Kikubaaqudgha.
 11254 | D:10     | Found a blossoming altar of Fedhas.
 11260 | D:10     | Found a shimmering blue altar of Sif Muna.
 11560 | D:10     | Noticed a hell knight
 11592 | D:10     | Noticed a hell knight
 11847 | D:10     | Killed a hell knight
 11848 | D:10     | Reached skill level 1 in Evocations
 11928 | D:10     | Noticed a hell knight
 11928 | D:10     | Noticed a hell knight
 12527 | D:10     | Reached **** piety under Wu Jian
 12537 | D:10     | Reached skill level 12 in Stealth
 12791 | D:11     | Reached XP level 12. HP: 71/71 MP: 17/17
 13062 | D:11     | Noticed Doxiuhun's ghost (journeyman GnSk)
 13194 | D:11     | Noticed a two-headed ogre
 13197 | D:11     | Killed a two-headed ogre
 13282 | D:11     | Reached skill level 5 in Armour
 13464 | D:11     | Found a runed translucent door.
 13609 | D:11     | Noticed a boulder beetle
 13643 | D:11     | Killed a boulder beetle
 13644 | D:11     | Reached skill level 13 in Stealth
 14010 | D:12     | Noticed an eight-headed hydra
 14397 | Lair:1   | Reached skill level 10 in Dodging
 14829 | Lair:1   | You are sucked into a shaft and drop 1 floor!
 14849 | Lair:2   | Reached skill level 14 in Stealth
 14849 | Lair:2   | Found a staircase to the Shoals.
 14918 | Lair:2   | Found a gate leading to a gauntlet.
 14944 | Gauntlet | Entered a Gauntlet
 14944 | Gauntlet | Found a transporter.
 14957 | Gauntlet | Found a transporter.
 14969 | Gauntlet | Found a transporter.
 14981 | Gauntlet | Found a transporter.
 15017 | Gauntlet | Found a runed translucent door.
 15021 | Gauntlet | Found a transporter.
 15041 | Gauntlet | Found a transporter.
 15059 | Gauntlet | Found a transporter.
 15069 | Gauntlet | Noticed a thrashing horror
 15270 | Gauntlet | Found a transporter.
 15284 | Gauntlet | Found a transporter.
 15292 | Gauntlet | Reached XP level 13. HP: 70/78 MP: 18/18
 15344 | Gauntlet | Noticed a minotaur
 15354 | Gauntlet | Killed a minotaur
 15539 | Lair:2   | Slain by a komodo dragon

Illustrated notes

Levels and vault maps discovered:
D:1:      tarquinn_simple_flora_water_a, layout_basic,
          hellmonk_ecumenical_altar_heavens_door, roderic_roman_lattice,
          chequers_garden
D:2:      layout_basic, basic_altar, uniq_crazy_yiuf_cottage
D:3:      layout_loops_corners, gup_sewer_entry_bowl, kennysheep_big_empty_room,
          uniq_robin
D:4:      layout_rooms, temple_hall, serial_shops, nicolae_inconvenience_store,
          uniq_edmund, uniq_natasha, uniq_eustachio
D:5:      wander_river, layout_basic, kennysheep_small_spiral,
          chequers_serial_rivers_room_b
D:6:      layout_basic, minmay_fractal_squares_5
D:7:      layout_gridville
D:8:      layout_cave_pools, grunt_lair_entry_orc_guard_hut, enter_ossuary_1
D:9:      layout_stronghold, ebering_ghost_inner_flame, serial_column_ruins,
          column_ruins_corridor_straight, column_ruins_corridor_straight,
          column_ruins_open_medium, column_ruins_open_tiny,
          column_ruins_columns_dead_end, uniq_joseph, uniq_maurice
D:10:     layout_gridville, chequers_temple_overflow_minitemple,
          minmay_rotating_lava
D:11:     layout_loops_corners, hellmonk_ghost_big_iron
D:12:     layout_roguey, david_orc_2, nicolae_yredelemnul_corpse_copse,
          uniq_azrael, uniq_lodul, uniq_gastronok, uniq_erolcha
Temple:   nicolae_temple_bog_church
Lair:1:   layout_small_grid, lemuel_fruit_tree
Lair:2:   layout_loops_ring, elwin_shoals_entry_stream, dummy_snake_entry,
          gauntlet_entry_generic, minivault_19, wad_woods_03

Skill      XL: |  1  2  3  4  5  6  7  8  9 10 11 12 |
---------------+-------------------------------------+-----
Stealth        | 2 3 4 5 6 7 8 10 12 14 | 14.5
Dodging        | 4 5 6 7 9 10 | 10.4
Short Blades   | 5 6 7 8 9 10 | 10.7
Spellcasting   | 1 2 3 |  3.6
Armour         | 1 2 3 4 5 |  5.5
Fighting       | 3 4 5 6 7 |  7.9
Shields        | 3 4 6 8 |  8.1
Evocations     | 1 |  1.4
Throwing       | |  2.1

Action                   |  1- 3 |  4- 6 |  7- 9 | 10-12 | 13-15 || total
-------------------------+-------+-------+-------+-------+-------++-------
Melee: Rapier            |    85 |   206 |   210 |       |       ||   501
       Punch             |       |     3 |       |       |       ||     3
       Short sword       |       |       |   152 |   272 |    28 ||   452
       Quick blade       |       |       |       |   646 |       ||   646
Throw: Throwing net      |       |     4 |     2 |       |       ||     6
       Dart              |       |       |     1 |    16 |       ||    17
       Boomerang         |       |       |       |     1 |       ||     1
Invok: Lunge             |       |       |    27 |    49 |     1 ||    77
       Whirlwind         |       |       |     1 |    32 |       ||    33
Evoke: Wand              |       |     1 |     1 |     6 |       ||     8
  Use: Scroll            |       |       |       |    16 |       ||    16
       Potion            |       |       |       |    14 |     1 ||    15
 Stab: Sleeping          |    17 |    27 |    17 |    47 |       ||   108
       Held in net/web   |       |     3 |     2 |       |       ||     5
       Distracted        |       |       |     4 |     4 |       ||     8
       Invisible         |       |       |       |       |     3 ||     3
Armor: Leather armour    |    31 |    38 |    51 |    89 |     6 ||   215
Dodge: Dodged            |    61 |   173 |   128 |   257 |    14 ||   633
Block: Other             |       |     4 |    28 |       |       ||    32
       Reflection        |       |     1 |     1 |    10 |       ||    12
       Buckler           |       |       |    81 |   371 |    15 ||   467
